 Dungeon Crawl Stone Soup version 0.27.1 (webtiles) character file.

Game seed: 17136509385160322359

1312 Atelerd the Digger (level 8, -5/46 HPs)
             Began as an Octopode Earth Elementalist on Sept 2, 2021.
             Was an Initiate of Sif Muna.
             Slain by a two-headed ogre (34 damage)
             ... on level 6 of the Dungeon.
             The game lasted 00:10:33 (8412 turns).

Atelerd the Digger (Octopode Earth Elementalist)    Turns: 8412, Time: 00:10:34

Health: -5/46      AC:  1    Str:  7    XL:     8   Next: 58%
Magic:  11/15      EV: 13    Int: 20    God:    Sif Muna [......]
Gold:   201        SH:  0    Dex: 12    Spells: 9/17 levels left

rFire    . . .     SeeInvis .   E - +2 dagger (venom)
rCold    . . .     Faith    .   (no shield)
rNeg     . . .     Spirit   .   (helmet restricted)
rPois    .         Reflect  .   (no amulet)
rElec    .         Harm     .   (no ring)
rCorr    .         Rampage  .   (no ring)
Will     .....                  (no ring)
Stlth    ++++......             (no ring)
HPRegen  0.15/turn              (no ring)
MPRegen  0.14/turn              (no ring)
                                (no ring)
                                (no ring)

@: no status effects
A: almost no armour, amphibious, 8 rings, camouflage 1, gelatinous body 1,
(nimble swimmer 1), tentacles
a: Renounce Religion


You were on level 6 of the Dungeon.
You worshipped Sif Muna.
Sif Muna was noncommittal.
You visited 2 branches of the dungeon, and saw 7 of its levels.

You collected 201 gold pieces.

Inventory:

Hand Weapons
 e - a +0 short sword
 A - a +3 dagger
 E - a +2 dagger of venom (weapon)
Missiles
 b - 29 stones
 l - 2 throwing nets
Jewellery
 q - an amulet of faith
Wands
 k - a wand of polymorph (3)
 w - a wand of iceblast (20)
 y - a wand of flame (20)
 B - a wand of digging (7)
Scrolls
 a - 3 scrolls of holy word {unknown}
 d - 6 scrolls of identify {unknown}
 j - 2 scrolls of enchant weapon {unknown}
 m - 4 scrolls of amnesia {unknown}
 n - a scroll of enchant armour {unknown}
 s - a scroll of fog {unknown}
 t - 3 scrolls of magic mapping {unknown}
 u - a scroll of fear {unknown}
 v - 2 scrolls of vulnerability {unknown}
 C - a scroll of teleportation {unknown}
 D - a scroll of immolation {unknown}
Potions
 c - 2 potions of lignification {unknown}
 f - 3 potions of attraction {unknown}
 g - 2 potions of magic {unknown}
 h - a potion of heal wounds {unknown}
 i - 2 potions of curing {unknown}
 o - 3 potions of might {unknown}
 p - a potion of cancellation {unknown}
 r - a potion of invisibility {unknown}
 x - 2 potions of mutation {unknown}
 z - a potion of haste {unknown}


   Skills:
 - Level 2.0 Short Blades
 - Level 2.0 Dodging
 - Level 6.0 Stealth
 - Level 5.0 Spellcasting
 - Level 4.0 Transmutations
 + Level 7.1 Earth Magic


You had 9 spell levels left.
You knew the following spells:

 Your Spells              Type           Power      Damage    Failure   Level
a - Sandblast             Erth           66%        2d15      1%          1
p - Petrify               Tmut/Erth      27%        N/A       12%         4
s - Stone Arrow           Conj/Erth      38%        3d9       9%          3

Your spell library contained the following spells:

 Spells                   Type           Power      Damage    Failure   Level
 Passwall                 Tmut/Erth      22%        N/A       1%          2


Dungeon Overview and Level Annotations

Branches:
Dungeon (6/15)             Temple (1/1) D:6

Altars:
Ashenzari
Cheibriados
Dithmenos
Elyvilon
Fedhas
Gozag
Kikubaaqudgha
Makhleb
Okawaru
Qazlal
Ru
Sif Muna
Vehumet
Wu Jian
Xom
The Shining One

Annotations:
D:4 1 runed translucent door, exclusion: downstairs, pablusdiablus's ghost, amateur GnWn


Innate Abilities, Weirdness & Mutations

You cannot wear most types of armour.
You are amphibious.
You can wear up to eight rings at the same time.
Your skin changes colour to match your surroundings (Stealth+).
Your rubbery body absorbs attacks. (AC +1, EV +1)
((You are camouflaged near water. (Stealth+)))
You have tentacles for arms and can constrict up to eight enemies at once.


Message History

A two-headed ogre comes into view. It is wielding two +0 giant clubs.
The two-headed ogre shouts in stereo!
A two-headed ogre is nearby!
A two-headed ogre is nearby!
A two-headed ogre is nearby!
A two-headed ogre is nearby!
A two-headed ogre is nearby!
Aiming: Polymorph
Press: ? - help, Shift-Dir - straight line, f - two-headed ogre
Aim: a two-headed ogre, wielding two +0 giant clubs (will become a death drake, an elephant, or a raiju, chance to affect: 28%)
Okay, then.
Casting: Sandblast (safe; 1% risk of failure)
Confirm with . or Enter, or press ? or * to list all spells.
The spell is quite dangerous to cast (12% risk of failure)!
Continue anyway?
Aiming: Petrify (quite dangerous; 12% risk of failure)
Press: ? - help, Shift-Dir - straight line, f - two-headed ogre
Aim: a two-headed ogre, wielding two +0 giant clubs (chance to affect: 38%)
The two-headed ogre resists with some effort.
The two-headed ogre closely misses you.
The two-headed ogre hits you with a +0 giant club!!
Ouch! That really hurt!
Casting: Petrify (quite dangerous; 12% risk of failure)
Confirm with . or Enter, or press ? or * to list all spells.
The spell is quite dangerous to cast (12% risk of failure)!
Continue anyway?
Aiming: Petrify (quite dangerous; 12% risk of failure)
Press: ? - help, Shift-Dir - straight line, f/p - two-headed ogre
Aim: a two-headed ogre, wielding two +0 giant clubs (chance to affect: 38%)
The two-headed ogre resists with some effort.
Unknown command.
Casting: Petrify (quite dangerous; 12% risk of failure)
Confirm with . or Enter, or press ? or * to list all spells.
The spell is quite dangerous to cast (12% risk of failure)!
Continue anyway?
Aiming: Petrify (quite dangerous; 12% risk of failure)
Press: ? - help, Shift-Dir - straight line, f/p - two-headed ogre
Aim: a two-headed ogre, wielding two +0 giant clubs (chance to affect: 38%)
The two-headed ogre resists with some effort.
Unknown command.
The two-headed ogre hits you with a +0 giant club!!
Ouch! That really hurt!
You die...

# # # # ######### #
####.......# # #..........#
###############
#...#.#....###..............
#..#.#.#...@O..#############
#.#.#.#.#.####.# #
#..#.>.#..# #.# #
#.#.#.#.#.# #.# #
#..#.#.#..# #.# #
#...#.#...# #.# #
####.........####.#
#########
#.................#
#........
###.#################
#.#######


You could see a two-headed ogre.

Vanquished Creatures
  Menkaure (D:4)
  A necrophage (D:4)
  2 ogres
  2 phantoms (D:5)
  A bullfrog (D:6)
  A water moccasin zombie (D:5)
  5 wights (D:5)
  A howler monkey (D:5)
  2 bullfrog zombies
  A bullfrog skeleton (D:4)
  A hound (D:6)
  3 orc wizards
  7 gnolls
  7 adders
  2 worms (D:3)
  6 dart slugs
  11 orcs
  3 endoplasms
  2 giant cockroaches
  3 hobgoblins
  7 kobolds
  6 quokkas
  6 ball pythons (D:1)
  3 bats
  2 frilled lizards
  11 goblins
  5 rats
102 creatures vanquished.

Notes
Turn   | Place    | Note
-------+----------+-------------------------------------------
     0 | D:1      | Atelerd the Octopode Earth Elementalist began the quest for
                  | the Orb.
     0 | D:1      | Reached XP level 1. HP: 11/11 MP: 3/3
   249 | D:1      | Reached XP level 2. HP: 11/17 MP: 0/5
   945 | D:1      | Reached XP level 3. HP: 16/21 MP: 6/6
  1934 | D:2      | Reached XP level 4. HP: 21/27 MP: 8/8
  1945 | D:2      | Learned a level 4 spell: Petrify
  2352 | D:2      | Found a faded altar of an unknown god.
  2578 | D:3      | Reached skill level 4 in Earth Magic
  2809 | D:3      | Reached XP level 5. HP: 31/31 MP: 9/9
  3868 | D:4      | Noticed Menkaure
  3875 | D:4      | Killed Menkaure
  3876 | D:4      | Reached XP level 6. HP: 23/36 MP: 4/11
  4045 | D:4      | Found an opulent altar of Gozag.
  4545 | D:4      | Found a runed translucent door.
  4548 | D:4      | Noticed pablusdiablus's ghost (amateur GnWn)
  4783 | D:5      | Entered Level 5 of the Dungeon
  4791 | D:5      | Found a shadowy altar of Dithmenos.
  4793 | D:5      | Found a stormy altar of Qazlal.
  4804 | D:5      | Reached skill level 5 in Earth Magic
  4920 | D:5      | Noticed a necrophage
  4927 | D:4      | Killed a necrophage
  4928 | D:4      | Reached XP level 7. HP: 24/41 MP: 8/13
  5263 | D:5      | Reached skill level 5 in Spellcasting
  5657 | D:5      | Reached skill level 6 in Earth Magic
  5847 | D:5      | Reached skill level 1 in Short Blades
  5847 | D:5      | Reached XP level 8. HP: 39/46 MP: 11/15
  6110 | D:5      | Learned a level 3 spell: Stone Arrow
  6664 | D:5      | Reached skill level 5 in Stealth
  7293 | D:6      | Found an iron altar of Okawaru.
  8009 | D:6      | Found a staircase to the Ecumenical Temple.
  8024 | D:6      | Reached skill level 7 in Earth Magic
  8026 | Temple   | Entered the Ecumenical Temple
  8156 | Temple   | Became a worshipper of Sif Muna the Loreminder
  8341 | D:6      | Noticed a two-headed ogre
  8412 | D:6      | Slain by a two-headed ogre

Illustrated notes

Levels and vault maps discovered:
D:1:      nicolae_arrival_washed_ashore, layout_basic
D:2:      layout_basic, hellmonk_ecumenical_altar_pennies_from_heaven
D:3:      layout_basic, roderic_lattice_a, st_stairs_9
D:4:      layout_basic, mainiacjoe_overflow_24_doors, ebering_ghost_sewer_d,
          uniq_menkaure
D:5:      layout_layer_cave, mainiacjoe_overflow_catch_the_wave
D:6:      layout_basic, general_overflow_altar, minmay_temple_entry_grid
Temple:   minmay_crystal_spiral_temple

Skill      XL: |  1  2  3  4  5  6  7  8 |
---------------+-------------------------+-----
Transmutations | 2 3 4 |  4.0
Spellcasting   | 3 4 5 |  5.0
Earth Magic    | 4 5 6 7 |  7.1
Stealth        | 3 6 |  6.0
Short Blades   | 1 2 |  2.0
Dodging        | |  2.0

Action                   |  1- 3 |  4- 6 |  7- 9 || total
-------------------------+-------+-------+-------++-------
Melee: Unarmed           |    27 |       |       ||    27
       Constrict         |    16 |    19 |     9 ||    44
       Tentacles         |    14 |    11 |     7 ||    32
       Short sword       |    25 |    68 |    13 ||   106
       Dagger            |       |       |    24 ||    24
 Cast: Sandblast         |    16 |    46 |    52 ||   114
       Petrify           |       |     1 |     9 ||    10
       Stone Arrow       |       |       |     7 ||     7
 Stab: Sleeping          |    13 |    10 |     1 ||    24
       Petrified         |       |       |    10 ||    10
Armor: Skin              |     2 |     4 |     1 ||     7
Dodge: Dodged            |    35 |    62 |    17 ||   114
